AoeStats
← enriquelegion117

Arena

510035370Analyzed
1v1 RM · 2d ago on Sep 29, 2026· 37m 41s· 2 players
Game mode
Random Map
Map size
Tiny (2 player)
Population
200
Speed
Normal
Resources
Standard
Victory
Conquest
Starting age
Dark Age
Ending age
Imperial Age
RankedLock teamsTeams togetherTeam positionsShared explorationLock speedFull tech treeHidden civsTurbo modeCheats
Victory
Defeat
🇲🇽 Romans · Mexico
700
+13
🇺🇸 Teutons · United States
627
-13
Atlas The MAD Turtle
8:01 Loom
12:15 Feudal Age
17:42 Castle Age
17:18 Fletching
17:38 Forging
17:20 Double-Bit Axe
17:18 Horse Collar
17:32 Stone Mining
17:36 Gold Mining
17:38 Stone Mining
19:12 Wheelbarrow
19:22 Heavy Plow
20:32 Bow Saw
22:40 Bloodlines
22:42 Squires
24:52 Town Watch
25:24 Hand Cart
25:14 Pikeman
30:02 Stone Shaft Mining
29:17 Gold Mining
29:56 Ballistics
32:49 Imperial Age
30:26 Town Patrol
36:40 Forging
36:26 Bodkin Arrow
36:37 Scale Barding Armor
36:24 Arrowslits
37:48 Chemistry
enriquelegion117
0:58 Loom
12:05 Feudal Age
13:14 Double-Bit Axe
15:14 Wheelbarrow
15:37 Horse Collar
21:45 Castle Age
22:15 Scale Mail Armor
27:42 Man-at-Arms
29:45 Ballistics
30:00 Bow Saw
31:46 Pikeman
32:27 Squires
33:29 Chain Mail Armor
Connection lost

Rejoining the realm…

Still unreachable

The connection could not be restored.

Session expired

The server has moved on; the page needs a fresh start.